 Dungeon Crawl Stone Soup version 0.30.1-4-g462c640d31 (webtiles) character file.

Game seed: 2605609166271296719

172 Vire the Magician (level 5, -2/28 HPs)
             Began as a Deep Elf Hedge Wizard on Sept 4, 2023.
             Was an Initiate of Vehumet.
             Shot with an arrow by a centaur (7 damage)
             ... on level 5 of the Dungeon.
             The game lasted 00:23:04 (4714 turns).

Vire the Magician (Deep Elf Hedge Wizard)           Turns: 4714, Time: 00:23:04

Health: -2/28      AC:  4    Str:  7    XL:     5   Next: 27%
Magic:  16/23      EV: 12    Int: 21    God:    Vehumet [......]
Gold:   193        SH:  0    Dex: 14    Spells: 6/14 levels left

rFire   . . .        s - +1 dagger (drain)
rCold   . . .        (no shield)
rNeg    . . .        b - +0 robe
rPois   .            k - +2 hat
rElec   .            (no cloak)
rCorr   +            (no gloves)
SInv    .            (no boots)
Will    .....        (no amulet)
Stlth   +++          n - ring of magical power
HPRegen 0.24/turn    r - ring of resist corrosion
MPRegen 0.18/turn

%: no passive effects
@: on blink cooldown
A: no striking features
a: Renounce Religion


You were on level 5 of the Dungeon.
You worshipped Vehumet.
Vehumet was noncommittal.
You visited 2 branches of the dungeon, and saw 6 of its levels.

You collected 229 gold pieces.
You spent 36 gold pieces at shops.

Inventory:

Hand Weapons
 a - a +0 dagger
 s - a +1 dagger of draining (weapon)
Armour
 b - a +0 robe (worn)
 k - a +2 hat (worn)
Jewellery
 c - a +6 ring of strength
 i - the ring "Teothukk" {Fire Dex+3}
   (You found it on level 3 of the Dungeon)

   [ring of fire]

   It enhances your fire magic.
   Dex:       It affects your dexterity (+3).
   rF:        It protects you from fire.
   rC:        It makes you vulnerable to cold.
 m - an amulet of faith
 n - a ring of magical power (left hand)
 r - a ring of resist corrosion (right hand)
Scrolls
 e - a scroll of immolation
 g - 3 scrolls of teleportation
 h - a scroll of enchant weapon
 l - a scroll of noise {unknown}
 u - a scroll of fog {unknown}
 v - a scroll of silence {unknown}
 x - a scroll of acquirement {unknown}
Potions
 d - a potion of magic
 f - 2 potions of cancellation
 j - 3 potions of heal wounds
 o - a potion of lignification
 p - 5 potions of curing
 q - a potion of might {unknown}
 t - 2 potions of degeneration {unknown}
 w - 2 potions of ambrosia {unknown}


   Skills:
 - Level 2.4 Dodging
 - Level 4.0 Stealth
 - Level 5.0 Spellcasting
 - Level 3.0 Conjurations
 + Level 2.6 Summonings
 - Level 2.0 Translocations
 - Level 1.0 Air Magic
 - Level 1.0 Poison Magic


You had 6 spell levels left.
You knew the following spells:

 Your Spells              Type           Power      Damage    Failure   Level
a - Magic Dart            Conj           68%        1d6       3%          1
b - Blink                 Tloc           26%        N/A       7%          2
c - Call Imp              Summ           32%        N/A       5%          2
d - Mephitic Cloud        Conj/Pois/Air  12%        N/A       17%         3

Your spell library contained the following spells:

 Spells                   Type           Power      Damage    Failure   Level
 Slow                     Hex            20%        N/A       11%         1
 Cigotuvi's Dreadful Rot  Necr/Pois/Air  16%        N/A       13%         2


Dungeon Overview and Level Annotations

Branches:
Dungeon (5/15)             Temple (1/1) D:4

Altars:
Cheibriados
Dithmenos
Gozag
Hepliaklqana
Kikubaaqudgha
Okawaru
Qazlal
Sif Muna
Trog
Uskayaw
Vehumet
Wu Jian
Xom
Yredelemnul
Zin
The Shining One

Shops:
D:3 !*([


Message History

You hit the howler monkey.
The howler monkey is severely wounded.
The howler monkey hoots and howls with incredible vigour!
Your cerulean imp hits the howler monkey from afar with a -3 spear.
You hear an angry hiss. x2; You hear a shout!
You hit the howler monkey.
The howler monkey is almost dead.
The howler monkey hits you but does no damage.
Your cerulean imp misses the howler monkey.
You hit the howler monkey.
You kill the howler monkey!
Vehumet accepts your kill.
Your cerulean imp closely misses the iguana.
Training target 1.0 for Air Magic reached!
Your Air Magic skill increases to level 1!
You need to enable at least one skill for training.
You have reached level 5!
Okay, then.
Your cerulean imp hits the iguana but does no damage.
Your magical contamination has completely faded away.
You see here a howler monkey corpse.
You hit the iguana but do no damage. The iguana bites you!
Your cerulean imp hits the iguana from afar with a -3 spear.
You hit the iguana.
The iguana is moderately wounded.
The iguana bites you.
Your cerulean imp hits the iguana but does no damage.
You hit the iguana.
The iguana is moderately wounded.
An adder comes into view.
The iguana bites you!
* * * LOW HITPOINT WARNING * * *
Your cerulean imp hits the iguana but does no damage.
A centaur comes into view.
Your cerulean imp hits the iguana from afar with a -3 spear.
Casting: Call Imp (safe; 5% risk of failure)
Confirm with . or Enter, or press ? or * to list all spells.
You blink.
The centaur wields a +0 shortbow.
The centaur shoots an arrow.
The arrow hits you!
You die...

#. #<######## .
#........#..
#...........
#........#..
#.......c.. #.......#
#..@....# #.......#
#.. #####.
#.##S..5###.# #.....
#=##.l....... ......
#>##.ยง.......##.....
#.##.....##.#.....#.
#.##....###.........
#.##....# #.......#
#.......# #.......#


You could see a centaur, an iguana (ally target), an adder and a friendly
cerulean imp (summoned).

Vanquished Creatures
  2 howler monkeys
  5 adders
  A worm (D:2)
  An orc (D:3)
  4 bats
  3 endoplasms
  3 giant cockroaches
  5 goblins
  3 hobgoblins
  2 quokkas
  3 ball pythons
  3 frilled lizards
  6 kobolds
  5 rats
46 creatures vanquished.

Notes
Turn   | Place    | Note
-------+----------+-------------------------------------------
     0 | D:1      | Vire the Deep Elf Hedge Wizard began the quest for the Orb.
     0 | D:1      | Reached XP level 1. HP: 10/10 MP: 7/7
   470 | D:1      | Reached XP level 2. HP: 15/15 MP: 6/9
  1464 | D:2      | Learned a level 2 spell: Call Imp
  1467 | D:2      | Learned a level 2 spell: Blink
  1812 | D:2      | Reached XP level 3. HP: 19/19 MP: 10/10
  2234 | D:3      | Found Eciuraloh's Distillery.
  2241 | D:3      | Bought a potion of curing for 36 gold pieces
  2347 | D:3      | Identified the ring "Teothukk" {Fire Dex+3}
  2417 | D:3      | Found Vydochime's Weapon Boutique.
  2472 | D:3      | Found Niczar's Armour Emporium.
  2472 | D:3      | Noticed an animated plate armour
  2474 | D:3      | Noticed an animated storm dragon scales
  2682 | D:3      | Found Sysic's General Store.
  2855 | D:3      | Noticed a black bear
  3321 | D:3      | Reached XP level 4. HP: 20/24 MP: 12/12
  3340 | D:3      | Learned a level 3 spell: Mephitic Cloud
  3723 | D:4      | Found a staircase to the Ecumenical Temple.
  3739 | Temple   | Entered the Ecumenical Temple
  3862 | Temple   | Became a worshipper of Vehumet
  4039 | D:4      | Reached skill level 5 in Spellcasting
  4145 | D:4      | Reached skill level 1 in Poison Magic
  4587 | D:5      | Entered Level 5 of the Dungeon
  4587 | D:5      | Noticed an ice beast
  4709 | D:5      | Reached skill level 1 in Air Magic
  4709 | D:5      | Reached XP level 5. HP: 28/28 MP: 14/14
  4713 | D:5      | Noticed a centaur
  4714 | D:5      | Shot with an arrow by a centaur

Illustrated notes

Levels and vault maps discovered:
D:1:      tekkud_arrival_beachfront_property, layout_loops_ring
D:2:      layout_basic
D:3:      layout_basic, serial_shops, nicolae_diamond_shop, shop,
          nicolae_shop_mannequins, nicolae_shop_real_fake_doors,
          corexii_item_surrounded_by_moat
D:4:      layout_cave_pods, minmay_temple_entry_grid,
          corexii_item_surrounded_by_moat
D:5:      layout_rooms, nicolae_zen_rock_garden
Temple:   nicolae_temple_superstar

Skill      XL: |  1  2  3  4 |
---------------+-------------+-----
Stealth        | 3 4 |  4.0
Conjurations   | 2 3 |  3.0
Summonings     | 2 |  2.6
Translocations | 2 |  2.0
Spellcasting   | 5 |  5.0
Poison Magic   | 1 |  1.0
Air Magic      | 1 |  1.0
Dodging        | |  2.4

Action                     |  1- 3 |  4- 6 || total
---------------------------+-------+-------++-------
  Melee: Dagger            |    19 |    17 ||    36
         Punch             |     1 |       ||     1
   Cast: Magic Dart        |    82 |    22 ||   104
         Call Imp          |     1 |     1 ||     2
         Blink             |       |     2 ||     2
    Use: Scroll            |     6 |       ||     6
   Stab: Sleeping          |     4 |     1 ||     5
 Armour: Robe              |     3 |     3 ||     6
  Dodge: Dodged            |    16 |     8 ||    24
